Sharks vs Maple Leafs
Created - November 18, 2019 at 19:02
Goals
|
| Sharks |
2 |
2 |
2 |
1 |
7 |
| Maple Leafs |
3 |
2 |
1 |
0 |
6 |
|
Shots
|
| Sharks |
10 |
11 |
9 |
2 |
32 |
| Maple Leafs |
11 |
11 |
15 |
0 |
37 |
|
1st period
1. Sharks , Luke Adam 1 (Zach Boychuk 2, Jiri Tlusty 3) at 2:46
2. Sharks , Milan Michalek 2 (Stefan Ruzicka 3, Jason Spezza 5) at 4:50 (PP)
3. Maple Leafs , Brayden Schenn 5 (Ben Smith 5, Marc-Édouard Vlasic 2) at 9:34 (PP)
4. Maple Leafs , Taylor Hall 2 (Patrick Kane 5, Mark Scheifele 1) at 14:47
5. Maple Leafs , Taylor Hall 3 (Patrick Kane 6, Mark Scheifele 2) at 18:39
Penalties :
Ryan Parent (Tor) for High sticking (Minor) at 4:34, Martins Karsums (SJS) for Elbowing (Minor) at 8:17
2nd period
6. Maple Leafs , Patrick Kane 11 (Kevin Shattenkirk 5, Jordan Staal 6) at 1:50 (PP)
7. Sharks , Milan Michalek 3 (Drew Doughty 10, Stefan Ruzicka 4) at 2:06
8. Sharks , Luke Adam 2 (Zach Boychuk 3, Jiri Tlusty 4) at 3:52
9. Maple Leafs , Patrick Kane 12 (Taylor Hall 11, Kevin Shattenkirk 6) at 4:29
Penalties :
Adam Larsson (SJS) for Roughing (Minor) at 1:35, T.J. Hensick (SJS) for Boarding (Minor) at 5:34, Mike Cammalleri (SJS) for Holding (Minor) at 11:21, Alex Killorn (Tor) for Hooking (Minor) at 14:39
3rd period
10. Sharks , Brandon Dubinsky 4 (Drew Doughty 11, Oskar Osala 4) at 2:35
11. Maple Leafs , Brayden Schenn 6 (Kevin Shattenkirk 7) at 12:20
12. Sharks , Andrej Sekera 1 (Jason Spezza 6) at 18:59
Penalties :
Mike Cammalleri (SJS) for Tripping (Minor) at 0:31, Adam Larsson (SJS) for Hooking (Minor) at 3:43, Brandon Dubinsky (SJS) for Hooking (Minor) at 8:17, Matt Corrente (SJS) for Hooking (Minor) at 14:40, Beau Bennett (Tor) for Tripping (Minor) at 19:29
Overtime #1
13. Sharks , Oskar Osala 2 (T.J. Hensick 1) at 2:23
Penalties :
No Penalty
Goalie Stats
Anders Nilsson (SJS), 20 saves from 22 shots - (0.909), W, 2-0-0, 40:19 minutes
Ryan Miller (SJS), 11 saves from 15 shots - (0.733), 21:50 minutes
Marc-André Fleury (Tor), 25 saves from 32 shots - (0.781), OTL, 5-5-2, 62:23 minutes
Players Stats for Sharks
Player Name G A P +/- PIM S H SB GA TA FO MP PP MP PK MP
------------------------------------------------------------------------------------
Adam Larsson 0 0 0 3 4 1 0 2 0 0 0/0 21:27 1:08 4:42
Andrej Sekera 1 0 1 3 0 2 2 0 0 1 0/0 22:10 1:08 5:23
Ben Lovejoy 0 0 0 -1 0 2 2 0 0 0 0/0 30:25 1:37 7:49
Bobby Butler 0 0 0 -3 0 1 1 1 0 2 0/1 13:00 1:05 0:00
Brandon Dubinsky 1 0 1 -2 2 2 6 0 0 0 4/13 15:55 1:05 1:59
Drew Doughty 0 2 2 -1 0 5 2 0 0 2 0/0 30:39 1:37 8:03
Jason Spezza 0 2 2 1 0 3 2 1 1 0 22/46 24:12 1:35 7:37
Jiri Tlusty 0 2 2 2 0 0 0 0 0 0 0/0 6:06 0:00 0:00
Luke Adam 2 0 2 2 0 2 0 0 0 0 1/1 6:38 0:00 0:32
Martins Karsums 0 0 0 0 2 0 2 0 0 0 0/0 9:30 0:05 0:00
Matt Carle 0 0 0 0 0 1 0 1 0 0 0/0 12:20 0:00 0:55
Matt Corrente 0 0 0 0 2 0 2 1 0 0 0/0 9:49 0:00 0:00
Mike Cammalleri 0 0 0 -2 4 1 0 0 2 1 0/0 15:49 1:05 1:33
Milan Michalek 2 0 2 1 0 2 0 1 0 0 1/1 24:12 1:35 7:37
Oskar Osala 1 1 2 1 0 4 0 0 0 1 0/0 16:01 0:05 4:01
Stefan Ruzicka 0 2 2 1 0 2 0 0 0 0 1/1 15:32 1:35 0:00
T.J. Hensick 0 1 1 1 2 2 0 0 0 1 3/5 15:28 0:05 3:18
Zach Boychuk 0 2 2 3 0 2 0 0 0 0 0/0 6:45 0:00 0:15
Players Stats for Maple Leafs
Player Name G A P +/- PIM S H SB GA TA FO MP PP MP PK MP
------------------------------------------------------------------------------------
Alex Killorn 0 0 0 -1 2 2 0 0 1 0 0/0 10:10 0:00 0:00
Beau Bennett 0 0 0 -1 2 1 1 0 0 0 0/0 9:55 0:00 0:00
Ben Smith 0 1 1 -2 0 0 2 0 0 0 0/0 17:43 5:33 0:57
Blake Comeau 0 0 0 0 0 3 0 0 0 1 0/0 8:59 0:04 0:00
Brayden Schenn 2 0 2 -1 0 5 3 0 0 0 6/13 18:05 5:33 2:40
Braydon Coburn 0 0 0 0 0 0 0 1 1 1 0/0 16:51 0:00 2:53
Eric Nystrom 0 0 0 0 0 3 5 0 1 0 0/0 15:25 5:18 1:51
Fabian Brunnstrom 0 0 0 -2 0 2 3 0 0 0 0/2 18:43 7:49 0:27
John Klingberg 0 0 0 0 0 0 1 1 2 0 0/0 28:14 7:52 0:00
Jordan Staal 0 1 1 -3 0 2 2 1 1 1 17/23 20:11 7:49 0:46
Kevin Shattenkirk 0 3 3 -1 0 4 3 1 0 0 0/0 29:42 7:52 1:21
Marc-Édouard Vlasic 0 1 1 -2 0 2 0 0 0 0 0/0 16:03 5:34 0:00
Mark Scheifele 0 2 2 2 0 2 2 0 0 0 9/23 15:33 0:04 0:18
Nate Thompson 0 0 0 0 0 0 0 0 0 0 4/6 7:57 0:00 0:00
Patrick Kane 2 2 4 1 0 5 3 1 0 0 0/1 22:35 7:49 0:00
Ryan Parent 0 0 0 -2 2 0 0 0 0 0 0/0 17:17 5:34 1:21
Taylor Chorney 0 0 0 1 0 1 0 0 2 0 0/0 16:38 0:00 2:53
Taylor Hall 2 1 3 2 0 5 0 0 0 0 0/0 15:14 0:19 0:00
3 Stars
1 - Patrick Kane (Tor)
2 - Taylor Hall (Tor)
3 - Luke Adam (SJS)
Power Play
Sharks - 1 on 3 Attempt(s) - 33.33%
Maple Leafs - 2 on 8 Attempt(s) - 25.00%
Penalty Kill
Sharks - 6 on 8 Attempt(s) - 75.00%
- Score 0 goal in Penalty Kill
Maple Leafs - 2 on 3 Attempt(s) - 66.67%
- Score 0 goal in Penalty Kill
Team Stat
Sharks - Hits : 19 - Faceoff Wins : 32 - Blocked Shots : 7 - Penalty Minutes : 16
Maple Leafs - Hits : 25 - Faceoff Wins : 36 - Blocked Shots : 5 - Penalty Minutes : 6
Official
Referees : Unknown
Linesman : Unknown
Game Notes
Anders Nilsson enters game at 1:50 of 2nd period
Finance
Level 1 -- Attendance: 4829 (80.48%) -- Ticket Income $531,190
Level 2 -- Attendance: 3978 (79.56%) -- Ticket Income $278,460
Level 3 -- Attendance: 1529 (76.45%) -- Ticket Income $70,334
Level 4 -- Attendance: 4000 (100.00%) -- Ticket Income $120,000
Luxury Box -- Attendance: 940 (94.00%) -- Ticket Income $169,200
Game was played at the Maple Leafs Garden.
Total Attendance: 15276 (84.87%)
Total Ticket Income: $1,169,184
Other Income: $175,378
Total Income: $1,344,562
Sharks
5 vs 5 Forward
Center Left Wing Right Wing Time % Phy DF OF
1 Jason Spezza Milan Michalek Stefan Ruzicka 40 1 2 2
2 Brandon Dubinsky Mike Cammalleri Bobby Butler 30 1 2 2
3 T.J. Hensick Oskar Osala Martins Karsums 20 1 2 2
4 Luke Adam Zach Boychuk Jiri Tlusty 10 1 2 2
5 vs 5 Defense
Defense Defense Time % Phy DF OF
1 Drew Doughty Ben Lovejoy 40 1 2 2
2 Andrej Sekera Adam Larsson 30 1 2 2
3 Matt Corrente Matt Carle 20 1 2 2
4 Drew Doughty Ben Lovejoy 10 1 2 2
PowerPlay Forward
Center Left Wing Right Wing Time % Phy DF OF
1 Jason Spezza Milan Michalek Stefan Ruzicka 60 1 2 2
2 Brandon Dubinsky Mike Cammalleri Bobby Butler 40 1 2 2
PowerPlay Defense
Defense Defense Time % Phy DF OF
1 Drew Doughty Ben Lovejoy 60 1 2 2
2 Andrej Sekera Adam Larsson 40 1 2 2
Penalty Kill 4 Players Forward
Center Wing Time % Phy DF OF
1 Jason Spezza Milan Michalek 60 1 2 2
2 T.J. Hensick Oskar Osala 40 1 2 2
Penalty Kill 4 Players Defense
Defense Defense Time % Phy DF OF
1 Drew Doughty Ben Lovejoy 60 1 2 2
2 Andrej Sekera Adam Larsson 40 1 2 2
Penalty Kill - 3 Players Forward
Forward Time % Phy DF OF
1 Jason Spezza 60 1 2 2
2 Milan Michalek 40 1 2 2
Penalty Kill - 3 Players Defense
Defense Defense Time % Phy DF OF
1 Drew Doughty Ben Lovejoy 60 1 2 2
2 Andrej Sekera Adam Larsson 40 1 2 2
4 vs 4 Forward
Center Wing Time % Phy DF OF
1 Jason Spezza Milan Michalek 60 1 2 2
2 Mike Cammalleri Brandon Dubinsky 40 1 2 2
4 vs 4 Defense
Defense Defense Time % Phy DF OF
1 Drew Doughty Ben Lovejoy 60 1 2 2
2 Andrej Sekera Adam Larsson 40 1 2 2
Last Minutes Offensive
Center Left Wing Right Wing Defense Defense
Jason Spezza Milan Michalek Stefan Ruzicka Drew Doughty Ben Lovejoy
Last Minutes Defensive
Center Left Wing Right Wing Defense Defense
Jason Spezza Milan Michalek Stefan Ruzicka Drew Doughty Ben Lovejoy
Goaltenders
Starting : Ryan Miller
Backup : Anders Nilsson
Extra Forwards
Normal : T.J. Hensick, Oskar Osala, Zach Boychuk - PP : T.J. Hensick, Oskar Osala - PK : Brandon Dubinsky
Extra Defensemen
Normal : Matt Corrente, Matt Carle, Andrej Sekera - PP : Matt Corrente - PK : Matt Carle, Andrej Sekera
Penalty Shots
Jason Spezza, Milan Michalek, Mike Cammalleri, Brandon Dubinsky, T.J. Hensick
Scratches
David Rundblad (Healthy), Nikolai Kulemin (Healthy), Alec Martinez (Healthy)
Maple Leafs
5 vs 5 Forward
Center Left Wing Right Wing Time % Phy DF OF
1 Mark Scheifele Taylor Hall Patrick Kane 40 1 1 3
2 Jordan Staal Fabian Brunnstrom Ben Smith 30 1 2 2
3 Brayden Schenn Alex Killorn Beau Bennett 20 1 2 2
4 Nate Thompson Eric Nystrom Blake Comeau 10 1 3 1
5 vs 5 Defense
Defense Defense Time % Phy DF OF
1 Kevin Shattenkirk John Klingberg 40 1 1 3
2 Braydon Coburn Taylor Chorney 30 1 3 1
3 Marc-Édouard Vlasic Ryan Parent 20 1 2 2
4 Kevin Shattenkirk John Klingberg 10 1 1 3
PowerPlay Forward
Center Left Wing Right Wing Time % Phy DF OF
1 Jordan Staal Fabian Brunnstrom Patrick Kane 60 0 1 4
2 Brayden Schenn Eric Nystrom Ben Smith 40 0 1 4
PowerPlay Defense
Defense Defense Time % Phy DF OF
1 Kevin Shattenkirk John Klingberg 60 0 1 4
2 Marc-Édouard Vlasic Ryan Parent 40 0 1 4
Penalty Kill 4 Players Forward
Center Wing Time % Phy DF OF
1 Brayden Schenn Eric Nystrom 60 1 3 1
2 Jordan Staal Ben Smith 40 1 3 1
Penalty Kill 4 Players Defense
Defense Defense Time % Phy DF OF
1 Braydon Coburn Taylor Chorney 60 1 3 1
2 Ryan Parent Kevin Shattenkirk 40 1 3 1
Penalty Kill - 3 Players Forward
Forward Time % Phy DF OF
1 Brayden Schenn 60 1 4 0
2 Jordan Staal 40 1 4 0
Penalty Kill - 3 Players Defense
Defense Defense Time % Phy DF OF
1 Braydon Coburn Taylor Chorney 60 1 4 0
2 Ryan Parent Kevin Shattenkirk 40 1 4 0
4 vs 4 Forward
Center Wing Time % Phy DF OF
1 Jordan Staal Patrick Kane 60 1 2 2
2 Brayden Schenn Ben Smith 40 1 2 2
4 vs 4 Defense
Defense Defense Time % Phy DF OF
1 Kevin Shattenkirk Braydon Coburn 60 1 2 2
2 John Klingberg Marc-Édouard Vlasic 40 1 2 2
Last Minutes Offensive
Center Left Wing Right Wing Defense Defense
Jordan Staal Taylor Hall Patrick Kane Kevin Shattenkirk John Klingberg
Last Minutes Defensive
Center Left Wing Right Wing Defense Defense
Jordan Staal Eric Nystrom Patrick Kane Braydon Coburn Taylor Chorney
Goaltenders
Starting : Marc-André Fleury
Backup : Tyler Weiman
Extra Forwards
Normal : Jordan Staal, Mark Scheifele, Patrick Kane - PP : Brayden Schenn, Ben Smith - PK : Ben Smith
Extra Defensemen
Normal : John Klingberg, Marc-Édouard Vlasic, Kevin Shattenkirk - PP : Marc-Édouard Vlasic - PK : Ryan Parent, Kevin Shattenkirk
Penalty Shots
Patrick Kane, Mark Scheifele, Taylor Hall, Jordan Staal, Fabian Brunnstrom
Scratches
None
% Time on Ice - Sharks
Lines # - Real PCT - Wanted PCT - Time Play
Normal Forward
1 - 34% - 40% - 14:41
2 - 32% - 30% - 13:46
3 - 21% - 20% - 9:07
4 - 14% - 10% - 6:06
Normal Defense
1 - 41% - 40% - 17:46
2 - 33% - 30% - 14:37
3 - 22% - 20% - 9:34
4 - 4% - 10% - 1:43
PP Forward
1 - 61% - 60% - 1:40
2 - 39% - 40% - 1:05
PP Defense
1 - 59% - 60% - 1:37
2 - 41% - 40% - 1:08
PK Forward
1 - 73% - 60% - 9:52
2 - 27% - 40% - 3:34
PK Defense
1 - 60% - 60% - 8:03
2 - 40% - 40% - 5:23
PK3 Forward
1 - 0% - 60%
2 - 0% - 40%
PK3 Defense
1 - 0% - 60%
2 - 0% - 40%
44 Forward
1 - 83% - 60% - 1:58
2 - 17% - 40% - 0:25
44 Defense
1 - 63% - 60% - 1:30
2 - 37% - 40% - 0:53
Last Minute Offensive - 0:09
Last Minute Defensive - 0:00
Total
Forward - 62:23
Defense - 62:23
|
% Time on Ice - Maple Leafs
Lines # - Real PCT - Wanted PCT - Time Play
Normal Forward
1 - 34% - 40% - 14:57
2 - 25% - 30% - 11:06
3 - 22% - 20% - 9:49
4 - 18% - 10% - 7:57
Normal Defense
1 - 41% - 40% - 17:45
2 - 32% - 30% - 13:55
3 - 23% - 20% - 9:58
4 - 5% - 10% - 2:11
PP Forward
1 - 59% - 60% - 7:53
2 - 41% - 40% - 5:33
PP Defense
1 - 59% - 60% - 7:52
2 - 41% - 40% - 5:34
PK Forward
1 - 84% - 60% - 2:18
2 - 16% - 40% - 0:27
PK Defense
1 - 71% - 60% - 1:57
2 - 29% - 40% - 0:48
PK3 Forward
1 - 79% - 60% - 1:10
2 - 21% - 40% - 0:19
PK3 Defense
1 - 63% - 60% - 0:56
2 - 37% - 40% - 0:33
44 Forward
1 - 100% - 60% - 0:54
2 - 0% - 40% - 0:00
44 Defense
1 - 24% - 60% - 0:13
2 - 76% - 40% - 0:41
Last Minute Offensive - 0:00
Last Minute Defensive - 0:00
Total
Forward - 62:23
Defense - 62:23
|
Play-by-Play
1st period
0:01 of 1st period - Jason Spezza wins face-off versus Mark Scheifele in neutral zone.
0:04 of 1st period - Wrist shot by Jason Spezza.
0:04 of 1st period - Shot Blocked by John Klingberg.
0:10 of 1st period - Ben Lovejoy is hit by Patrick Kane.
1:35 of 1st period - Milan Michalek is hit by Patrick Kane and loses puck.
2:46 of 1st period - Snap shot by Luke Adam.
2:46 of 1st period - Goal by Luke Adam - Sharks : 1 - Maple Leafs : 0.
2:47 of 1st period - Jason Spezza wins face-off versus Mark Scheifele in neutral zone.
2:55 of 1st period - Off-side.
2:56 of 1st period - Mark Scheifele wins face-off versus Jason Spezza in neutral zone.
3:19 of 1st period - Wrist shot by Jason Spezza.
3:19 of 1st period - Shot Misses the Net.
3:31 of 1st period - Snap shot by Stefan Ruzicka.
3:31 of 1st period - Deflect By Milan Michalek.
3:31 of 1st period - Shot Blocked by Patrick Kane.
3:31 of 1st period - Puck is out of play.
3:32 of 1st period - Jordan Staal wins face-off versus Brandon Dubinsky in Maple Leafs zone.
3:32 of 1st period - Jordan Staal is hit by Bobby Butler.
3:59 of 1st period - Drew Doughty is hit by Eric Nystrom and loses puck.
4:34 of 1st period - Minor Penalty to Ryan Parent for High sticking.
4:35 of 1st period - Brayden Schenn wins face-off versus Jason Spezza in Maple Leafs zone.
4:48 of 1st period - Snap shot by Stefan Ruzicka.
4:48 of 1st period - Stopped by Marc-André Fleury with a rebound.
4:50 of 1st period - Wrist shot by Milan Michalek.
4:50 of 1st period - Goal by Milan Michalek - Sharks : 2 - Maple Leafs : 0.
4:51 of 1st period - Mark Scheifele wins face-off versus Jason Spezza in neutral zone.
4:58 of 1st period - Snap shot by Patrick Kane.
4:58 of 1st period - Shot Misses the Net.
5:16 of 1st period - Kevin Shattenkirk is hit by Brandon Dubinsky and loses puck.
5:56 of 1st period - John Klingberg is hit by Matt Corrente.
6:34 of 1st period - Wrist shot by Patrick Kane.
6:34 of 1st period - Shot Misses the Net.
6:52 of 1st period - Brandon Dubinsky is hit by Fabian Brunnstrom and loses puck.
7:05 of 1st period - Matt Carle is hit by Eric Nystrom and loses puck.
7:26 of 1st period - Wrist shot by Taylor Hall.
7:26 of 1st period - Stopped by Ryan Miller without a rebound.
7:27 of 1st period - Jason Spezza wins face-off versus Mark Scheifele in Sharks zone.
7:54 of 1st period - Drew Doughty is hit by Fabian Brunnstrom and loses puck.
8:15 of 1st period - Wrist shot by Beau Bennett.
8:15 of 1st period - Stopped by Ryan Miller with a rebound.
8:17 of 1st period - Minor Penalty to Martins Karsums for Elbowing.
8:18 of 1st period - Jordan Staal wins face-off versus Jason Spezza in Sharks zone.
8:46 of 1st period - Icing by Eric Nystrom.
8:47 of 1st period - Jason Spezza wins face-off versus Brayden Schenn in Maple Leafs zone.
9:02 of 1st period - Snap shot by Patrick Kane.
9:02 of 1st period - Stopped by Ryan Miller with a rebound.
9:04 of 1st period - Slapshot by Kevin Shattenkirk.
9:04 of 1st period - Stopped by Ryan Miller with a rebound.
9:06 of 1st period - Wrist shot by Patrick Kane.
9:06 of 1st period - Shot Blocked by Adam Larsson.
9:34 of 1st period - Wrist shot by Brayden Schenn.
9:34 of 1st period - Goal by Brayden Schenn - Sharks : 2 - Maple Leafs : 1.
9:35 of 1st period - Jason Spezza wins face-off versus Mark Scheifele in neutral zone.
9:48 of 1st period - Snap shot by Stefan Ruzicka.
9:48 of 1st period - Shot Misses the Net.
10:00 of 1st period - Bobby Butler is hit by Fabian Brunnstrom and loses puck.
10:06 of 1st period - Off-side.
10:07 of 1st period - Stefan Ruzicka wins face-off versus Fabian Brunnstrom in neutral zone.
10:16 of 1st period - Snap shot by Ben Smith.
10:16 of 1st period - Shot Misses the Net.
10:34 of 1st period - Andrej Sekera is hit by Patrick Kane and loses puck.
10:57 of 1st period - Snap shot by Brandon Dubinsky.
10:57 of 1st period - Stopped by Marc-André Fleury without a rebound.
10:58 of 1st period - Brayden Schenn wins face-off versus Brandon Dubinsky in Maple Leafs zone.
11:09 of 1st period - Snap shot by Mike Cammalleri.
11:09 of 1st period - Shot Misses the Net.
11:17 of 1st period - Andrej Sekera is hit by Brayden Schenn and loses puck.
11:48 of 1st period - Wrist shot by Brayden Schenn.
11:48 of 1st period - Deflect By Alex Killorn.
11:48 of 1st period - Stopped by Ryan Miller with a rebound.
12:16 of 1st period - John Klingberg is hit by Brandon Dubinsky and loses puck.
12:23 of 1st period - Alex Killorn is hit by Brandon Dubinsky and loses puck.
12:54 of 1st period - Wrist shot by Alex Killorn.
12:54 of 1st period - Shot Hit the Post.
12:56 of 1st period - Snap shot by Brayden Schenn.
12:56 of 1st period - Shot Misses the Net.
12:58 of 1st period - Slapshot by Brayden Schenn.
12:58 of 1st period - Stopped by Ryan Miller without a rebound.
12:59 of 1st period - Jason Spezza wins face-off versus Mark Scheifele in Sharks zone.
13:28 of 1st period - Snap shot by Drew Doughty.
13:28 of 1st period - Stopped by Marc-André Fleury without a rebound.
13:29 of 1st period - T.J. Hensick wins face-off versus Jordan Staal in Maple Leafs zone.
13:30 of 1st period - Snap shot by Oskar Osala.
13:30 of 1st period - Stopped by Marc-André Fleury without a rebound.
13:31 of 1st period - Mark Scheifele wins face-off versus T.J. Hensick in Maple Leafs zone.
14:22 of 1st period - Wrist shot by Nate Thompson.
14:22 of 1st period - Shot Misses the Net.
14:24 of 1st period - Snap shot by Eric Nystrom.
14:24 of 1st period - Stopped by Ryan Miller without a rebound.
14:25 of 1st period - Milan Michalek wins face-off versus Mark Scheifele in Sharks zone.
14:31 of 1st period - Icing by Milan Michalek.
14:32 of 1st period - Mark Scheifele wins face-off versus Jason Spezza in Sharks zone.
14:47 of 1st period - Snap shot by Taylor Hall.
14:47 of 1st period - Goal by Taylor Hall - Sharks : 2 - Maple Leafs : 2.
14:48 of 1st period - Jason Spezza wins face-off versus Patrick Kane in neutral zone.
14:51 of 1st period - Mark Scheifele is hit by Jason Spezza and loses puck.
15:23 of 1st period - Snap shot by Ben Smith.
15:23 of 1st period - Deflect By T.J. Hensick.
15:23 of 1st period - Shot Blocked by Adam Larsson.
15:23 of 1st period - Puck is out of play.
15:24 of 1st period - Jason Spezza wins face-off versus Mark Scheifele in Sharks zone.
17:17 of 1st period - Snap shot by Brandon Dubinsky.
17:17 of 1st period - Shot Misses the Net.
17:19 of 1st period - Slapshot by Drew Doughty.
17:19 of 1st period - Stopped by Marc-André Fleury with a rebound.
17:21 of 1st period - Wrist shot by Bobby Butler.
17:21 of 1st period - Deflect By Jordan Staal.
17:21 of 1st period - Stopped by Marc-André Fleury with a rebound.
17:23 of 1st period - Slapshot by Drew Doughty.
17:23 of 1st period - Shot Blocked by Kevin Shattenkirk.
17:35 of 1st period - Matt Carle is hit by Kevin Shattenkirk and loses puck.
18:27 of 1st period - Wrist shot by Jason Spezza.
18:27 of 1st period - Stopped by Marc-André Fleury without a rebound.
18:28 of 1st period - Mark Scheifele wins face-off versus Bobby Butler in Maple Leafs zone.
18:37 of 1st period - Slapshot by Taylor Hall.
18:37 of 1st period - Shot Misses the Net.
18:39 of 1st period - Wrist shot by Taylor Hall.
18:39 of 1st period - Goal by Taylor Hall - Sharks : 2 - Maple Leafs : 3.
18:40 of 1st period - Jason Spezza wins face-off versus Mark Scheifele in neutral zone.
19:17 of 1st period - Snap shot by Jordan Staal.
19:17 of 1st period - Stopped by Ryan Miller without a rebound.
19:18 of 1st period - Jason Spezza wins face-off versus Mark Scheifele in Sharks zone.
19:26 of 1st period - Snap shot by Stefan Ruzicka.
19:26 of 1st period - Stopped by Marc-André Fleury without a rebound.
19:27 of 1st period - Mark Scheifele wins face-off versus Jason Spezza in Maple Leafs zone.
Goals for this period are 2 for Sharks vs 3 for Maple Leafs.
Shots for this period are 10 for Sharks vs 11 for Maple Leafs.
2nd period
0:01 of 2nd period - Jordan Staal wins face-off versus Jason Spezza in neutral zone.
1:12 of 2nd period - Wrist shot by Eric Nystrom.
1:12 of 2nd period - Stopped by Ryan Miller without a rebound.
1:13 of 2nd period - Jason Spezza wins face-off versus Nate Thompson in Sharks zone.
1:20 of 2nd period - Snap shot by Blake Comeau.
1:20 of 2nd period - Stopped by Ryan Miller without a rebound.
1:21 of 2nd period - Jordan Staal wins face-off versus Jason Spezza in Sharks zone.
1:28 of 2nd period - Wrist shot by Ben Smith.
1:28 of 2nd period - Shot Misses the Net.
1:30 of 2nd period - Slapshot by Marc-Édouard Vlasic.
1:30 of 2nd period - Shot Blocked by Matt Corrente.
1:32 of 2nd period - Wrist shot by Marc-Édouard Vlasic.
1:32 of 2nd period - Stopped by Ryan Miller without a rebound.
1:33 of 2nd period - Jason Spezza wins face-off versus Fabian Brunnstrom in Sharks zone.
1:35 of 2nd period - Minor Penalty to Adam Larsson for Roughing.
1:36 of 2nd period - Jordan Staal wins face-off versus Jason Spezza in Sharks zone.
1:48 of 2nd period - Wrist shot by Patrick Kane.
1:48 of 2nd period - Shot Hit the Post.
1:50 of 2nd period - Wrist shot by Patrick Kane.
1:50 of 2nd period - Goal by Patrick Kane - Sharks : 2 - Maple Leafs : 4.
1:50 of 2nd period - Anders Nilsson enters game.
1:51 of 2nd period - Jason Spezza wins face-off versus Jordan Staal in neutral zone.
2:02 of 2nd period - Slapshot by Stefan Ruzicka.
2:02 of 2nd period - Shot Blocked by Jordan Staal.
2:04 of 2nd period - Wrist shot by Drew Doughty.
2:04 of 2nd period - Stopped by Marc-André Fleury with a rebound.
2:06 of 2nd period - Snap shot by Milan Michalek.
2:06 of 2nd period - Goal by Milan Michalek - Sharks : 3 - Maple Leafs : 4.
2:07 of 2nd period - Mark Scheifele wins face-off versus Jason Spezza in neutral zone.
3:02 of 2nd period - Snap shot by Zach Boychuk.
3:02 of 2nd period - Stopped by Marc-André Fleury with a rebound.
3:10 of 2nd period - Wrist shot by Eric Nystrom.
3:10 of 2nd period - Shot Misses the Net.
3:26 of 2nd period - Snap shot by Patrick Kane.
3:26 of 2nd period - Deflect By Mark Scheifele.
3:26 of 2nd period - Stopped by Anders Nilsson with a rebound.
3:38 of 2nd period - Slapshot by Luke Adam.
3:38 of 2nd period - Shot Misses the Net.
3:52 of 2nd period - Slapshot by Zach Boychuk.
3:52 of 2nd period - Deflect By Luke Adam.
3:52 of 2nd period - Goal by Luke Adam - Sharks : 4 - Maple Leafs : 4.
3:53 of 2nd period - Jordan Staal wins face-off versus Jason Spezza in neutral zone.
4:04 of 2nd period - Snap shot by Ben Smith.
4:04 of 2nd period - Shot Misses the Net.
4:27 of 2nd period - Wrist shot by Patrick Kane.
4:27 of 2nd period - Shot Blocked by Bobby Butler.
4:29 of 2nd period - Slapshot by Patrick Kane.
4:29 of 2nd period - Goal by Patrick Kane - Sharks : 4 - Maple Leafs : 5.
4:30 of 2nd period - Jason Spezza wins face-off versus Jordan Staal in neutral zone.
4:45 of 2nd period - Drew Doughty is hit by Jordan Staal and loses puck.
5:34 of 2nd period - Minor Penalty to T.J. Hensick for Boarding.
5:35 of 2nd period - Jason Spezza wins face-off versus Jordan Staal in Sharks zone.
6:13 of 2nd period - Slapshot by Kevin Shattenkirk.
6:13 of 2nd period - Stopped by Anders Nilsson with a rebound.
6:15 of 2nd period - Slapshot by Kevin Shattenkirk.
6:15 of 2nd period - Stopped by Anders Nilsson without a rebound.
6:16 of 2nd period - Brandon Dubinsky wins face-off versus Brayden Schenn in Sharks zone.
6:33 of 2nd period - Slapshot by Marc-Édouard Vlasic.
6:33 of 2nd period - Stopped by Anders Nilsson without a rebound.
6:34 of 2nd period - Brayden Schenn wins face-off versus Jason Spezza in Sharks zone.
7:01 of 2nd period - Oskar Osala is hit by Jordan Staal and loses puck.
7:34 of 2nd period - Penalty to T.J. Hensick is over, T.J. Hensick is back on ice.
7:58 of 2nd period - Wrist shot by Adam Larsson.
7:58 of 2nd period - Shot Misses the Net.
8:02 of 2nd period - Wrist shot by T.J. Hensick.
8:02 of 2nd period - Shot Misses the Net.
8:04 of 2nd period - Backhand shot by Adam Larsson.
8:04 of 2nd period - Stopped by Marc-André Fleury with a rebound.
8:06 of 2nd period - Snap shot by T.J. Hensick.
8:06 of 2nd period - Shot Misses the Net.
8:08 of 2nd period - Wrist shot by Martins Karsums.
8:08 of 2nd period - Shot Misses the Net.
8:17 of 2nd period - Mark Scheifele is hit by Matt Corrente and loses puck.
8:23 of 2nd period - Off-side.
8:24 of 2nd period - Jordan Staal wins face-off versus Jason Spezza in neutral zone.
8:53 of 2nd period - Off-side.
8:54 of 2nd period - Brayden Schenn wins face-off versus Brandon Dubinsky in neutral zone.
9:08 of 2nd period - Off-side.
9:09 of 2nd period - Jason Spezza wins face-off versus Mark Scheifele in neutral zone.
9:16 of 2nd period - Slapshot by Jason Spezza.
9:16 of 2nd period - Stopped by Marc-André Fleury with a rebound.
9:18 of 2nd period - Slapshot by Ben Lovejoy.
9:18 of 2nd period - Stopped by Marc-André Fleury without a rebound.
9:19 of 2nd period - Mark Scheifele wins face-off versus Jason Spezza in Maple Leafs zone.
9:32 of 2nd period - Slapshot by Drew Doughty.
9:32 of 2nd period - Stopped by Marc-André Fleury with a rebound.
9:34 of 2nd period - Slapshot by Ben Lovejoy.
9:34 of 2nd period - Stopped by Marc-André Fleury with a rebound.
10:03 of 2nd period - Snap shot by Jason Spezza.
10:03 of 2nd period - Deflect By Milan Michalek.
10:03 of 2nd period - Shot Misses the Net.
10:03 of 2nd period - Puck is out of play.
10:04 of 2nd period - Jordan Staal wins face-off versus Brandon Dubinsky in Maple Leafs zone.
10:04 of 2nd period - Jordan Staal is hit by Brandon Dubinsky.
10:10 of 2nd period - Andrej Sekera is hit by Ben Smith and loses puck.
10:29 of 2nd period - T.J. Hensick is hit by Brayden Schenn.
10:33 of 2nd period - Adam Larsson is hit by Beau Bennett and loses puck.
10:54 of 2nd period - Wrist shot by Oskar Osala.
10:54 of 2nd period - Stopped by Marc-André Fleury without a rebound.
10:55 of 2nd period - Jason Spezza wins face-off versus Nate Thompson in Maple Leafs zone.
11:21 of 2nd period - Minor Penalty to Mike Cammalleri for Holding.
11:22 of 2nd period - Jason Spezza wins face-off versus Jordan Staal in Sharks zone.
13:00 of 2nd period - Eric Nystrom is hit by Brandon Dubinsky and loses puck.
13:17 of 2nd period - Drew Doughty is hit by Eric Nystrom and loses puck.
13:21 of 2nd period - Penalty to Mike Cammalleri is over, Mike Cammalleri is back on ice.
13:33 of 2nd period - Luke Adam is hit by Mark Scheifele.
13:53 of 2nd period - Slapshot by John Klingberg.
13:53 of 2nd period - Shot Misses the Net.
14:39 of 2nd period - Minor Penalty to Alex Killorn for Hooking.
14:40 of 2nd period - Brayden Schenn wins face-off versus Jason Spezza in Maple Leafs zone.
16:39 of 2nd period - Penalty to Alex Killorn is over, Alex Killorn is back on ice.
17:04 of 2nd period - Luke Adam is hit by Mark Scheifele and loses puck.
17:13 of 2nd period - Snap shot by Patrick Kane.
17:13 of 2nd period - Shot Misses the Net.
17:37 of 2nd period - Fabian Brunnstrom is hit by Martins Karsums and loses puck.
17:50 of 2nd period - Marc-Édouard Vlasic is hit by Andrej Sekera and loses puck.
18:26 of 2nd period - Jordan Staal is hit by Andrej Sekera and loses puck.
18:41 of 2nd period - Snap shot by Alex Killorn.
18:41 of 2nd period - Stopped by Anders Nilsson with a rebound.
18:47 of 2nd period - Slapshot by Brayden Schenn.
18:47 of 2nd period - Stopped by Anders Nilsson with a rebound.
19:01 of 2nd period - Snap shot by T.J. Hensick.
19:01 of 2nd period - Stopped by Marc-André Fleury with a rebound.
19:29 of 2nd period - Luke Adam is hit by Kevin Shattenkirk and loses puck.
19:56 of 2nd period - Matt Corrente is hit by Brayden Schenn and loses puck.
Goals for this period are 2 for Sharks vs 2 for Maple Leafs.
Shots for this period are 11 for Sharks vs 11 for Maple Leafs.
3rd period
0:01 of 3rd period - Mark Scheifele wins face-off versus Jason Spezza in neutral zone.
0:14 of 3rd period - Snap shot by Taylor Hall.
0:14 of 3rd period - Stopped by Anders Nilsson without a rebound.
0:15 of 3rd period - Jordan Staal wins face-off versus Brandon Dubinsky in Sharks zone.
0:15 of 3rd period - Kevin Shattenkirk is hit by Drew Doughty and loses puck.
0:24 of 3rd period - Wrist shot by Jordan Staal.
0:24 of 3rd period - Stopped by Anders Nilsson without a rebound.
0:25 of 3rd period - Jordan Staal wins face-off versus Brandon Dubinsky in Sharks zone.
0:31 of 3rd period - Minor Penalty to Mike Cammalleri for Tripping.
0:32 of 3rd period - Jordan Staal wins face-off versus Jason Spezza in Sharks zone.
0:32 of 3rd period - Snap shot by Patrick Kane.
0:32 of 3rd period - Shot Blocked by Milan Michalek.
2:31 of 3rd period - Penalty to Mike Cammalleri is over, Mike Cammalleri is back on ice.
2:35 of 3rd period - Snap shot by Brandon Dubinsky.
2:35 of 3rd period - Goal by Brandon Dubinsky - Sharks : 5 - Maple Leafs : 5.
2:36 of 3rd period - Nate Thompson wins face-off versus Brandon Dubinsky in neutral zone.
2:43 of 3rd period - Wrist shot by Mike Cammalleri.
2:43 of 3rd period - Shot Blocked by Braydon Coburn.
2:45 of 3rd period - Slapshot by Andrej Sekera.
2:45 of 3rd period - Stopped by Marc-André Fleury without a rebound.
2:46 of 3rd period - Nate Thompson wins face-off versus Brandon Dubinsky in Maple Leafs zone.
3:10 of 3rd period - Icing by Blake Comeau.
3:11 of 3rd period - Nate Thompson wins face-off versus Jason Spezza in Maple Leafs zone.
3:38 of 3rd period - Wrist shot by Taylor Chorney.
3:38 of 3rd period - Stopped by Anders Nilsson with a rebound.
3:40 of 3rd period - Snap shot by Mark Scheifele.
3:40 of 3rd period - Stopped by Anders Nilsson without a rebound.
3:41 of 3rd period - Brandon Dubinsky wins face-off versus Mark Scheifele in Sharks zone.
3:43 of 3rd period - Minor Penalty to Adam Larsson for Hooking.
3:44 of 3rd period - Jordan Staal wins face-off versus Jason Spezza in Sharks zone.
3:54 of 3rd period - Snap shot by Jordan Staal.
3:54 of 3rd period - Shot Blocked by Jason Spezza.
3:56 of 3rd period - Snap shot by Patrick Kane.
3:56 of 3rd period - Stopped by Anders Nilsson with a rebound.
3:58 of 3rd period - Slapshot by Patrick Kane.
3:58 of 3rd period - Stopped by Anders Nilsson with a rebound.
4:00 of 3rd period - Wrist shot by Fabian Brunnstrom.
4:00 of 3rd period - Stopped by Anders Nilsson with a rebound.
4:18 of 3rd period - Snap shot by Brayden Schenn.
4:18 of 3rd period - Stopped by Anders Nilsson without a rebound.
4:19 of 3rd period - Jordan Staal wins face-off versus Jason Spezza in Sharks zone.
5:01 of 3rd period - T.J. Hensick is hit by Eric Nystrom and loses puck.
5:43 of 3rd period - Penalty to Adam Larsson is over, Adam Larsson is back on ice.
6:33 of 3rd period - Snap shot by Blake Comeau.
6:33 of 3rd period - Stopped by Anders Nilsson with a rebound.
6:49 of 3rd period - Slapshot by Oskar Osala.
6:49 of 3rd period - Shot Misses the Net.
6:51 of 3rd period - Snap shot by Oskar Osala.
6:51 of 3rd period - Shot Misses the Net.
7:13 of 3rd period - Wrist shot by Blake Comeau.
7:13 of 3rd period - Stopped by Anders Nilsson with a rebound.
7:23 of 3rd period - Slapshot by Eric Nystrom.
7:23 of 3rd period - Stopped by Anders Nilsson with a rebound.
7:31 of 3rd period - Backhand shot by T.J. Hensick.
7:31 of 3rd period - Shot Misses the Net.
7:33 of 3rd period - Slapshot by Andrej Sekera.
7:33 of 3rd period - Deflect By Oskar Osala.
7:33 of 3rd period - Shot Misses the Net.
7:33 of 3rd period - Puck is out of play.
7:34 of 3rd period - Jason Spezza wins face-off versus Mark Scheifele in Maple Leafs zone.
7:49 of 3rd period - Slapshot by Taylor Hall.
7:49 of 3rd period - Stopped by Anders Nilsson without a rebound.
7:50 of 3rd period - Jordan Staal wins face-off versus Brandon Dubinsky in Sharks zone.
7:50 of 3rd period - Jordan Staal is hit by Ben Lovejoy.
7:52 of 3rd period - Snap shot by Kevin Shattenkirk.
7:52 of 3rd period - Stopped by Anders Nilsson with a rebound.
7:54 of 3rd period - Wrist shot by Fabian Brunnstrom.
7:54 of 3rd period - Stopped by Anders Nilsson without a rebound.
7:55 of 3rd period - Brandon Dubinsky wins face-off versus Jordan Staal in Sharks zone.
7:55 of 3rd period - Brandon Dubinsky is hit by Ben Smith.
8:17 of 3rd period - Minor Penalty to Brandon Dubinsky for Hooking.
8:18 of 3rd period - Jordan Staal wins face-off versus Jason Spezza in Sharks zone.
9:31 of 3rd period - Taylor Hall is hit by Jason Spezza.
10:17 of 3rd period - Penalty to Brandon Dubinsky is over, Brandon Dubinsky is back on ice.
10:51 of 3rd period - Taylor Hall is hit by Martins Karsums and loses puck.
11:07 of 3rd period - Icing by Jason Spezza.
11:08 of 3rd period - Nate Thompson wins face-off versus Jason Spezza in Sharks zone.
11:15 of 3rd period - Snap shot by Ben Smith.
11:15 of 3rd period - Shot Blocked by Matt Carle.
11:17 of 3rd period - Wrist shot by Ben Smith.
11:17 of 3rd period - Shot Misses the Net.
11:19 of 3rd period - Snap shot by Ben Smith.
11:19 of 3rd period - Shot Misses the Net.
11:39 of 3rd period - Snap shot by Zach Boychuk.
11:39 of 3rd period - Stopped by Marc-André Fleury with a rebound.
11:41 of 3rd period - Slapshot by Luke Adam.
11:41 of 3rd period - Shot Misses the Net.
12:20 of 3rd period - Wrist shot by Brayden Schenn.
12:20 of 3rd period - Goal by Brayden Schenn - Sharks : 5 - Maple Leafs : 6.
12:21 of 3rd period - Jason Spezza wins face-off versus Mark Scheifele in neutral zone.
12:30 of 3rd period - Jason Spezza is hit by John Klingberg.
13:12 of 3rd period - Off-side.
13:13 of 3rd period - Brandon Dubinsky wins face-off versus Brayden Schenn in neutral zone.
13:20 of 3rd period - Backhand shot by Mike Cammalleri.
13:20 of 3rd period - Stopped by Marc-André Fleury without a rebound.
13:21 of 3rd period - Jason Spezza wins face-off versus Mark Scheifele in Maple Leafs zone.
14:40 of 3rd period - Minor Penalty to Matt Corrente for Hooking.
14:41 of 3rd period - Jordan Staal wins face-off versus Jason Spezza in Sharks zone.
16:09 of 3rd period - Jason Spezza is hit by Eric Nystrom.
16:33 of 3rd period - Patrick Kane is hit by Brandon Dubinsky and loses puck.
16:40 of 3rd period - Penalty to Matt Corrente is over, Matt Corrente is back on ice.
17:05 of 3rd period - Slapshot by Matt Carle.
17:05 of 3rd period - Stopped by Marc-André Fleury without a rebound.
17:06 of 3rd period - Luke Adam wins face-off versus Brayden Schenn in Maple Leafs zone.
18:45 of 3rd period - Sharks, Anders Nilsson is pulled from the net.
18:57 of 3rd period - Snap shot by Jason Spezza.
18:57 of 3rd period - Shot Misses the Net.
18:59 of 3rd period - Slapshot by Andrej Sekera.
18:59 of 3rd period - Goal by Andrej Sekera - Sharks : 6 - Maple Leafs : 6.
18:59 of 3rd period - Anders Nilsson from Sharks was sent back in the game.
19:00 of 3rd period - T.J. Hensick wins face-off versus Brayden Schenn in neutral zone.
19:02 of 3rd period - Ben Lovejoy is hit by Kevin Shattenkirk and loses puck.
19:07 of 3rd period - Slapshot by T.J. Hensick.
19:07 of 3rd period - Stopped by Marc-André Fleury without a rebound.
19:08 of 3rd period - T.J. Hensick wins face-off versus Brayden Schenn in Maple Leafs zone.
19:17 of 3rd period - Slapshot by T.J. Hensick.
19:17 of 3rd period - Shot Misses the Net.
19:29 of 3rd period - Minor Penalty to Beau Bennett for Tripping.
19:30 of 3rd period - Jason Spezza wins face-off versus Brayden Schenn in Maple Leafs zone.
19:33 of 3rd period - Wrist shot by Stefan Ruzicka.
19:33 of 3rd period - Shot Misses the Net.
19:41 of 3rd period - Snap shot by Drew Doughty.
19:41 of 3rd period - Stopped by Marc-André Fleury with a rebound.
19:43 of 3rd period - Snap shot by Jason Spezza.
19:43 of 3rd period - Stopped by Marc-André Fleury with a rebound.
19:45 of 3rd period - Wrist shot by Milan Michalek.
19:45 of 3rd period - Shot Hit the Post.
Goals for this period are 2 for Sharks vs 1 for Maple Leafs.
Shots for this period are 9 for Sharks vs 15 for Maple Leafs.
Overtime #1
0:01 of 1st overtime period - Brayden Schenn wins face-off versus Jason Spezza in neutral zone.
0:04 of 1st overtime period - Slapshot by Taylor Chorney.
0:04 of 1st overtime period - Shot Misses the Net.
0:48 of 1st overtime period - Slapshot by Braydon Coburn.
0:48 of 1st overtime period - Shot Misses the Net.
0:50 of 1st overtime period - Slapshot by Jordan Staal.
0:50 of 1st overtime period - Shot Misses the Net.
1:28 of 1st overtime period - Ryan Parent is hit by Drew Doughty and loses puck.
1:29 of 1st overtime period - Penalty to Beau Bennett is over, Beau Bennett is back on ice.
1:43 of 1st overtime period - Patrick Kane is hit by Ben Lovejoy.
2:07 of 1st overtime period - Slapshot by Ben Lovejoy.
2:07 of 1st overtime period - Shot Misses the Net.
2:09 of 1st overtime period - Snap shot by Oskar Osala.
2:09 of 1st overtime period - Stopped by Marc-André Fleury without a rebound.
2:10 of 1st overtime period - Jordan Staal wins face-off versus T.J. Hensick in Maple Leafs zone.
2:23 of 1st overtime period - Slapshot by Oskar Osala.
2:23 of 1st overtime period - Goal by Oskar Osala - Sharks : 7 - Maple Leafs : 6.
Goals for this period are 1 for Sharks vs 0 for Maple Leafs.
Shots for this period are 2 for Sharks vs 0 for Maple Leafs.
Back to the Top